 Dungeon Crawl Stone Soup version 0.23.2 (webtiles) character file.

Game seed: 9779267818388413841

870 Borgoz the Cutter (level 8, -4/60 (66) HPs)
             Began as a Ghoul Gladiator on Apr 3, 2019.
             Was an Initiate of Ashenzari.
             Slain by Prince Ribbit (6 damage)
             ... on level 5 of the Dungeon.
             The game lasted 00:08:01 (5185 turns).

Borgoz the Cutter (Ghoul Gladiator)                 Turns: 5185, Time: 00:08:02

HP:   -4/60 (66)    AC:  8    Str: 18    XL:     8   Next: 3%
MP:   7/7           EV: 14    Int:  3    God:    Ashenzari [......]
Gold: 284           SH:  0    Dex: 12    Spells: 7/7 levels left

rFire    + . .     SeeInvis .   b - +1 dagger (drain)
rCold    + . .     Gourm    .   (no shield)
rNeg     + + +     Faith    .   i - +0 leather armour
rPois    ∞         Spirit   .   c - +0 helmet
rElec    .         Reflect  .   (no cloak)
rCorr    .         Harm     .   (no gloves)
MR       .....                  (no boots)
Stlth    ++........             (no amulet)
HPRegen  0.00/turn              v - ring of protection from fire
MPRegen  0.10/turn              l - +4 ring of protection

@: rotting
A: rotting body, claws 1, carnivore, cold resistance 1, negative energy
resistance 3, inhibited regeneration, torment resistance, unbreathing
a: Curse Item, Renounce Religion


You were on level 5 of the Dungeon.
You worshipped Ashenzari.
Ashenzari was noncommittal.
You were near starving.

You visited 2 branches of the dungeon, and saw 6 of its levels.
You also visited: Sewer.

You collected 284 gold pieces.

Inventory:

Hand Weapons
 a - a +2 dagger of venom
 b - a +1 dagger of draining (weapon)
 t - a +0 rapier
 H - a +0 dagger of freezing
Missiles
 d - 3 throwing nets (quivered)
 k - 5 tomahawks
Armour
 c - a +0 helmet (worn)
 i - a +0 leather armour (worn)
Jewellery
 l - a +4 ring of protection (right claw)
 v - a ring of protection from fire (left claw)
Wands
 G - a wand of iceblast (10)
Scrolls
 h - a scroll of blinking {unknown}
 m - a scroll of enchant armour {unknown}
 n - a scroll of enchant weapon {unknown}
 r - 2 scrolls of remove curse
 u - 2 scrolls of fog {unknown}
 y - 2 scrolls of amnesia {unknown}
 B - a scroll of magic mapping
 E - a scroll of teleportation {unknown}
Potions
 e - a potion of magic
 g - a potion of haste {unknown}
 j - 2 potions of mutation {unknown}
 o - 10 potions of curing
 p - 2 potions of might
 s - a potion of degeneration {unknown}
 w - a potion of experience {unknown}
 x - 3 potions of invisibility
 z - 2 potions of brilliance
 A - 3 potions of heal wounds
 C - 2 potions of agility
Comestibles
 f - 15 rations


   Skills:
 + Level 3.9 Fighting
 * Level 4.9 Short Blades
 - Level 1.7 Throwing
 * Level 3.7 Armour
 * Level 4.7 Dodging
 + Level 3.4 Stealth


You had 7 spell levels left.
You didn't know any spells.
Your spell library was empty.

Dungeon Overview and Level Annotations

Branches:
Dungeon (5/15)             Temple (1/1) D:5

Altars:
Ashenzari
Cheibriados
Elyvilon
Fedhas
Gozag
Hepliaklqana
Kikubaaqudgha
Makhleb
Nemelex Xobeh
Okawaru
Qazlal
Ru
Sif Muna
Trog
Uskayaw
Vehumet
Wu Jian
Xom
Yredelemnul
Zin
The Shining One

Shops:
D:5 ?

Annotations:
D:5 Prince Ribbit


Innate Abilities, Weirdness & Mutations

Your body is rotting away.
You thrive on raw meat.
You are immune to poison.
You have sharp fingernails.
You are carnivorous and can eat meat at any time.
Your flesh is cold resistant. (rC+)
You are immune to negative energy. (rN+++)
You do not regenerate when monsters are visible.
You are immune to unholy pain and torment.
You can survive without breathing.


Message History

You are too injured to fight recklessly!
You are too injured to fight recklessly!
You are too injured to fight recklessly!
Your +2 dagger of venom stops dripping with poison.
You sense an unholy aura.
b - a +1 dagger of draining (weapon)
You are too injured to fight recklessly!
You closely miss Prince Ribbit.
Prince Ribbit is lightly wounded.
Prince Ribbit barely misses you.
You hit Prince Ribbit.
Prince Ribbit is lightly wounded.
Prince Ribbit hits you!
* * * LOW HITPOINT WARNING * * *
You barely miss Prince Ribbit.
Prince Ribbit is lightly wounded.
Prince Ribbit hits you!
* * * LOW HITPOINT WARNING * * *
Prince Ribbit hits you.
You die...

## .# .# '###### ..#...#
..#...#
..#...#################
..'..........%..@F...>#
..###########'######### '##
#.........# '### #.........#
...# #...)..(..############
...# ###.........'..........#
...###...........##########.#
...'.+...........'.....# #.#
...###......(....#####.# #.#


You could see Prince Ribbit.

Vanquished Creatures
  A sky beast (D:3)
  2 howler monkeys (D:4)
  A crimson imp (D:5)
  A hound (D:5)
  4 orc wizards
  An orc priest (D:5)
  A jelly (D:5)
  A bullfrog skeleton (D:4)
  A centaur skeleton (D:4)
  Jessica (D:3)
  4 worker ants
  2 gnolls (D:3)
  10 adders
  A shadow imp (D:5)
  2 oozes (Sewer)
  An adder zombie (D:5)
  An adder skeleton (D:4)
  4 worms
  5 dart slugs
  13 orcs
  5 ball pythons
  9 bats
  8 giant cockroaches
  11 goblins
  10 hobgoblins
  7 jackals
  22 kobolds
  A quokka (D:3)
  6 frilled lizards
  A quokka skeleton (D:4)
  A quokka zombie (D:5)
  11 rats
149 creatures vanquished.

Notes
Turn   | Place    | Note
-------+----------+-------------------------------------------
     0 | D:1      | Borgoz the Ghoul Gladiator began the quest for the Orb.
     0 | D:1      | Reached XP level 1. HP: 17/17 MP: 0/0
   168 | D:1      | Reached XP level 2. HP: 19/23 MP: 1/1
  1011 | D:1      | Reached XP level 3. HP: 30/30 MP: 2/2
  1283 | D:1      | Reached skill level 1 in Armour
  1372 | D:2      | Reached skill level 1 in Stealth
  1502 | D:2      | Reached XP level 4. HP: 28/37 MP: 3/3
  2151 | D:3      | Reached XP level 5. HP: 17/44 MP: 4/4
  2414 | D:3      | Noticed a sky beast
  2434 | D:3      | Killed a sky beast
  2434 | D:3      | Reached XP level 6. HP: 30/50 MP: 5/5
  2716 | D:3      | Noticed Jessica
  2725 | D:3      | Killed Jessica
  2908 | D:3      | You fall through a shaft!
  3023 | D:4      | Found a glowing drain.
  3036 | Sewer    | Entered a sewer
  3205 | Sewer    | Reached XP level 7. HP: 57/57 MP: 6/6
  3959 | D:5      | Entered Level 5 of the Dungeon
  3979 | D:5      | Found an ancient bone altar of Kikubaaqudgha.
  3979 | D:5      | Found a snail-covered altar of Cheibriados.
  4091 | D:5      | Found a staircase to the Ecumenical Temple.
  4104 | Temple   | Entered the Ecumenical Temple
  4182 | Temple   | Became a worshipper of Ashenzari the Shackled
  4427 | D:5      | Found a basalt altar of Yredelemnul.
  4828 | D:5      | Found Zomm's Magic Scroll Emporium.
  4957 | D:5      | Reached XP level 8. HP: 65/65 MP: 7/7
  5175 | D:5      | Noticed Prince Ribbit
  5185 | D:5      | HP: 2/60 [Prince Ribbit (12)]
  5185 | D:5      | Slain by Prince Ribbit

Skill      XL: |  1  2  3  4  5  6  7 |
---------------+----------------------+-----
Short Blades   | 3 4 |  4.9
Dodging        | 3 4 |  4.7
Armour         | 1 2 3 |  3.7
Stealth        | 1 2 3 |  3.4
Fighting       | 3 |  3.9
Throwing       | |  1.7

Action                   |  1- 3 |  4- 6 |  7- 9 || total
-------------------------+-------+-------+-------++-------
Melee: Dagger            |   129 |   299 |   188 ||   616
       Rapier            |     3 |       |       ||     3
  Use: Scroll            |     3 |     4 |     4 ||    11
 Stab: Sleeping          |       |     1 |     5 ||     6
  Eat: Chunk             |     6 |    11 |     1 ||    18
Armor: Leather armour    |    34 |   102 |    59 ||   195
Dodge: Dodged            |    76 |   178 |    85 ||   339
